 Dungeon Crawl Stone Soup version 0.27.1-3-gb3d3a73c9e (webtiles) character file.

Game seed: 1979271674242687026

408 styxcanada the Sneak (level 6, -5/31 HPs)
             Began as a Spriggan Brigand on Oct 5, 2021.
             Slain by a bullfrog (7 damage)
             ... in a sewer.
             The game lasted 00:24:41 (4492 turns).

styxcanada the Sneak (Spriggan Brigand)             Turns: 4492, Time: 00:24:42

Health: -5/31      AC:  3    Str:  7    XL:     6   Next: 57%
Magic:  0/10       EV: 18    Int: 13    God:
Gold:   139        SH:  0    Dex: 18    Spells: 4/9 levels left

rFire    . . .     SeeInvis +   a - +2 dagger
rCold    . . .     Faith    .   (shield restricted)
rNeg     . . .     Spirit   +   b - +0 robe
rPois    .         Reflect  .   (helmet restricted)
rElec    .         Harm     .   c - +0 cloak
rCorr    +         Rampage  .   (gloves unavailable)
Will     +....                  (boots unavailable)
Stlth    ++++......             k - amulet of guardian spirit
HPRegen  0.10/turn              p - ring of resist corrosion
MPRegen  0.12/turn              (no ring)

@: flying, very quick
A: very small, no large weapons, unfitting armour, see invisible, speed 3
a: no special abilities


You were in a sewer.
You visited 1 branch of the dungeon, and saw 4 of its levels.
You also visited: Sewer.

You collected 139 gold pieces.

Inventory:

Hand Weapons
 a - a +2 dagger (weapon)
 i - a +2 quarterstaff of chaos
 m - a +0 hunting sling
 o - a +0 dagger of venom
Missiles
 d - 7 poisoned darts (quivered)
 f - 146 stones
 h - 2 curare-tipped darts
Armour
 b - a +0 robe (worn)
 c - a +0 cloak (worn)
Jewellery
 k - an amulet of guardian spirit (around neck)
 p - a ring of resist corrosion (left hand)
Wands
 l - a wand of iceblast (3)
Scrolls
 e - a scroll of teleportation
 g - a scroll of noise {unknown}
 q - a scroll of summoning {unknown}
Potions
 j - 3 potions of brilliance


   Skills:
 * Level 2.3 Fighting
 + Level 3.1 Short Blades
 + Level 0.7(2.7) Slings
 + Level 3.4(3.5) Throwing
 * Level 3.3 Dodging
 * Level 7.8 Stealth
 * Level 2.2 Spellcasting
 * Level 2.0 Hexes
 * Level 1.6 Evocations


You had 4 spell levels left.
You knew the following spells:

 Your Spells              Type           Power      Damage    Failure   Level
a - Slow                  Hex            6%         N/A       16%         2
b - Confusing Touch       Hex            6%         N/A       32%         3

Your spell library contained the following spells:

 Spells                   Type           Power      Damage    Failure   Level
 Call Imp                 Summ           1%         N/A       36%         2
 Portal Projectile        Hex/Tloc       8%         N/A       43%         3
 Call Canine Familiar     Summ           1%         N/A       58%         3
 Vampiric Draining        Necr           0%         2d6       58%         3
 Leda's Liquefaction      Hex/Erth       2%         N/A       85%         4
 Petrify                  Tmut/Erth      1%         N/A       94%         4
 Metabolic Englaciation   Hex/Ice        2%         N/A       99%         5
 Statue Form              Tmut/Erth      0%         N/A       100%        6
 Malign Gateway           Summ/Tloc      0%         N/A       100%        7
 Summon Hydra             Summ           0%         N/A       100%        7


Dungeon Overview and Level Annotations

Branches:
Dungeon (4/15)              Sewer (1/1)
 Temple: D:4-7

Altars:
Makhleb
Uskayaw


Innate Abilities, Weirdness & Mutations

You are very small and have problems with some larger weapons.
You are too small for most types of armour.
You have supernaturally acute eyesight. (SInv)
You cover ground extremely quickly. (Speed+++)


Message History

You hit the bullfrog.
The bullfrog is severely wounded.
The bullfrog completely misses you. x2; The bullfrog hits you. x2
You barely miss the bullfrog.
The bullfrog is severely wounded.
The bullfrog barely misses you. x2
You barely miss the bullfrog.
The bullfrog is severely wounded.
The bullfrog misses you. x2
You hit the bullfrog.
The bullfrog is almost dead.
The bullfrog completely misses you. x2
You hit the bullfrog.
The bullfrog is almost dead.
The bullfrog barely misses you. The bullfrog misses you.
You hit the bullfrog.
The bullfrog is almost dead.
The bullfrog closely misses you. The bullfrog hits you! x2
* * * LOW HITPOINT WARNING * * *
The bullfrog closely misses you.
You miss the bullfrog.
The bullfrog is almost dead.
The bullfrog hits you.
* * * LOW HITPOINT WARNING * * *
The bullfrog closely misses you.
It was a potion of flight.
You feel very buoyant.
You fly up into the air.
The bullfrog barely misses you. The bullfrog misses you.
You hit the bullfrog.
You kill the bullfrog!
The bullfrog barely misses you. x2
Your Hexes skill increases to level 2!
The bullfrog hits you but does no damage.
You see here a poisoned dart.
You hit the bullfrog.
The bullfrog is lightly wounded.
The bullfrog misses you. The bullfrog hits you!
You die...

#.# #≈≈≈≈≈≈≈≈≈≈≈≈≈≈.#
#≈# ##≈≈≈≈≈≈≈≈≈≈≈≈≈≈.#
#≈# #≈≈≈..≈≈≈≈≈≈≈≈≈≈.#
#.# #≈≈∩...≈≈≈≈≈≈≈≈≈.#
#≈# #≈≈....†≈≈≈≈≈≈≈≈.#
#.# #≈≈≈≈..≈≈.≈≈≈≈≈≈≈.#
#.# #≈≈≈≈≈≈.≈≈.≈≈≈≈≈≈.#
### #.#
#≈≈≈≈≈.(≈F≈≈≈≈≈≈≈.# #.#
#.# ≈≈≈≈.$(@(≈≈≈≈≈≈≈.#
#∩# #.#
≈≈≈≈≈.(≈≈≈≈≈≈≈≈≈.# #.#
#.# ≈≈≈≈.≈.≈≈≈≈≈.≈≈≈.#
#∩# #.#
#≈≈≈≈≈≈≈≈≈≈≈.≈≈≈.# #.#
#.# #≈≈≈≈≈≈≈≈≈≈≈.≈≈≈.#
#.# #.#
#≈≈≈≈≈≈≈≈≈≈≈.≈≈≈.###†##
#.#
##≈≈≈≈≈≈≈≈≈#.≈≈≈.##.≈.#
#.#
##≈≈≈≈≈≈≈≈#†≈≈≈.##≈≈.#
#†#
#≈≈≈≈≈###.≈≈≈.##≈≈.#


You could see a bullfrog.

Vanquished Creatures
  A black bear (D:4)
  A bullfrog (Sewer)
  An iron imp (D:3)
  Crazy Yiuf (D:2)
  Terence (D:2)
  Ijyb (D:4)
  Robin (D:3)
  2 gnolls (D:4)
  4 adders
  2 orcs (D:4)
  5 ball pythons
  8 endoplasms
  7 giant cockroaches
  10 goblins
  8 hobgoblins
  14 kobolds
  4 quokkas
  2 bats
  11 frilled lizards
  5 rats
89 creatures vanquished.

Vanquished Creatures (others)
  A goblin (D:3)
  2 fungi (D:2)
3 creatures vanquished.

Grand Total: 92 creatures vanquished

Notes
Turn   | Place    | Note
-------+----------+-------------------------------------------
     0 | D:1      | styxcanada the Spriggan Brigand began the quest for the
                  | Orb.
     0 | D:1      | Reached XP level 1. HP: 10/10 MP: 2/2
   366 | D:1      | Reached skill level 6 in Stealth
   475 | D:1      | Reached XP level 2. HP: 15/15 MP: 3/3
   991 | D:2      | Reached XP level 3. HP: 11/18 MP: 2/4
  1282 | D:2      | Reached skill level 7 in Stealth
  1364 | D:2      | Found a runed translucent door.
  1365 | D:2      | Noticed Crazy Yiuf
  1384 | D:2      | Killed Crazy Yiuf
  1385 | D:2      | Reached XP level 4. HP: 23/23 MP: 4/6
  1586 | D:2      | Reached skill level 1 in Spellcasting
  1600 | D:2      | Learned a level 2 spell: Slow
  1604 | D:2      | Learned a level 3 spell: Confusing Touch
  2012 | D:2      | Noticed Terence
  2034 | D:2      | Killed Terence
  2288 | D:3      | Found a faded altar of an unknown god.
  2407 | D:3      | Noticed Robin
  2483 | D:3      | Killed Robin
  2816 | D:3      | Found a burning altar of Makhleb.
  2927 | D:3      | Reached skill level 1 in Hexes
  2927 | D:3      | Reached XP level 5. HP: 12/26 MP: 2/8
  3197 | D:4      | Noticed Ijyb
  3220 | D:4      | Killed Ijyb
  3460 | D:4      | Noticed a black bear
  3496 | D:4      | Killed a black bear
  3497 | D:4      | Reached XP level 6. HP: 20/30 MP: 5/10
  3612 | D:4      | Reached skill level 1 in Evocations
  3699 | D:4      | Got the Grimoire of the Entourage
  3749 | D:4      | Found a hide-covered altar of Uskayaw.
  3822 | D:4      | Found a glowing drain.
  3849 | Sewer    | Entered a sewer
  4492 | Sewer    | Identified the ring of the Two Names {Fire +Blink rElec}
  4492 | Sewer    | Slain by a bullfrog

Illustrated notes

Levels and vault maps discovered:
D:1:      dpeg_arrival_central, layout_rooms
D:2:      layout_rooms, minmay_split_cup_small, uniq_crazy_yiuf_cottage,
          uniq_terence
D:3:      layout_basic, demons_altar, shapermc_ecumenical_altar_starsandcircs,
          uniq_grinder, uniq_robin
D:4:      layout_layer_cave, nicolae_uskayaw_murder_on_the_dancefloor,
          portal_sewer_entry_d, minmay_goblin_kobold_house, uniq_ijyb
Sewer:    sewer_frog_island_01

Skill      XL: |  1  2  3  4  5  6 |
---------------+-------------------+-----
Stealth        | 6 7 |  7.8
Fighting       | 2 |  2.3
Dodging        | 2 3 |  3.3
Spellcasting   | 1 2 |  2.2
Throwing       | 3 |  3.4
Hexes          | 1 2 |  2.0
Evocations     | 1 |  1.6
Short Blades   | 3 |  3.1
Slings         | |  0.7

Action                   |  1- 3 |  4- 6 || total
-------------------------+-------+-------++-------
Melee: Dagger            |    54 |   207 ||   261
 Fire: Hunting sling     |       |    11 ||    11
Throw: Dart              |    24 |    79 ||   103
       Stone             |       |     3 ||     3
  Use: Scroll            |     6 |     1 ||     7
       Potion            |       |     5 ||     5
 Stab: Sleeping          |     7 |     3 ||    10
       Distracted        |       |     2 ||     2
Armor: Robe              |    10 |    24 ||    34
Dodge: Dodged            |    69 |   145 ||   214
